 Dungeon Crawl Stone Soup version 0.31-a0-524-g2a164cf6a2 (webtiles) character file.

Game seed: 2485990085753221616

459 AdnanSaban the Cudgeller (level 7, -4/44 HPs)
             Began as a Gargoyle Fighter on Aug 12, 2023.
             Slain by a black bear (10 damage)
             ... on level 5 of the Dungeon.
             The game lasted 00:03:33 (3458 turns).

AdnanSaban the Cudgeller (Gargoyle Fighter)         Turns: 3458, Time: 00:03:33

Health: -4/44      AC: 13    Str: 21    XL:     7   Next: 6%
Magic:  7/7        EV:  9    Int:  9    God:
Gold:   234        SH:  4    Dex:  9    Spells: 6/6 levels left

rFire   . . .        a - +0 flail
rCold   . . .        c - +0 buckler
rNeg    + . .        b - +0 scale mail
rPois   ∞            (no helmet)
rElec   +            (no cloak)
rCorr   .            q - +0 pair of gloves
SInv    .            (no boots)
Will    .....        (no amulet) Stlth
                     (no ring)
HPRegen 0.27/turn    (no ring)
MPRegen 0.10/turn

%: no passive effects
@: no status effects
A: sickness immunity, AC +4, negative energy resistance 1, electricity
resistance, torment resistance 1, petrification resistance
a: no special abilities


You were on level 5 of the Dungeon.
You visited 1 branch of the dungeon, and saw 5 of its levels.

You collected 234 gold pieces.

Inventory:

Hand Weapons
 a - a +0 flail (weapon)
Missiles
 z - 4 poisoned darts
 B - 4 boomerangs
Armour
 b - a +0 scale mail (worn)
 c - a +0 buckler (worn)
 q - a +0 pair of gloves (worn)
Jewellery
 u - a ring of ice
 w - a ring of magical power
 x - a ring of ice
Wands
 A - a wand of paralysis (9)
Scrolls
 e - 2 scrolls of noise {unknown}
 f - a scroll of amnesia {unknown}
 g - 5 scrolls of torment {unknown}
 l - a scroll of silence {unknown}
 m - a scroll of immolation {unknown}
 n - 2 scrolls of enchant weapon {unknown}
 o - 2 scrolls of teleportation {unknown}
 p - 2 scrolls of butterflies {unknown}
 r - 3 scrolls of identify {unknown}
 y - 2 scrolls of poison {unknown}
 C - a scroll of fog {unknown}
Potions
 d - 4 potions of might
 h - 2 potions of magic {unknown}
 i - a potion of enlightenment {unknown}
 j - 4 potions of curing {unknown}
 k - a potion of mutation {unknown}
 s - 4 potions of heal wounds {unknown}
 t - a potion of degeneration {unknown}
 v - a potion of lignification {unknown}


   Skills:
 + Level 4.8 Fighting
 + Level 4.8 Maces & Flails
 + Level 4.3 Armour
 + Level 1.6 Dodging
 + Level 0.2 Stealth
 + Level 4.4 Shields


You had 6 spell levels left.
You didn't know any spells.
Your spell library contained the following spells:

 Spells                   Type           Power      Damage    Failure   Level
 Freeze                   Ice            0%         1d3       78%         1
 Frozen Ramparts          Ice            0%         1d1       98%         3
 Hailstorm                Conj/Ice       0%         3d3       98%         3


Dungeon Overview and Level Annotations

Branches:
Dungeon (5/15)
 Temple: D:4-7

Altars:
Vehumet

Shops:
D:4 *

Annotations:
D:4 3 runed translucent doors, blacky4's ghost, amateur DsIE
D:5 exclusion: statue


Innate Abilities, Weirdness & Mutations

You are immune to sickness and miasma.
Your stone body is resilient. (AC +4)
You are immune to poison.
You resist negative energy. (rN+)
You are resistant to electric shocks. (rElec)
You are resistant to unholy torment.
You are immune to petrification.


Message History

You are too injured to fight recklessly!
You are too injured to fight recklessly!
You are too injured to fight recklessly!
You are too injured to fight recklessly!
You are too injured to fight recklessly!
You are too injured to fight recklessly!
You are too injured to fight recklessly!
You are too injured to fight recklessly!
You are too injured to fight recklessly!
You are too injured to fight recklessly!
You are too injured to fight recklessly!
You are too injured to fight recklessly!
You are too injured to fight recklessly!
You are too injured to fight recklessly!
You are too injured to fight recklessly!
The scorpion barely misses you. The black bear bites you!
* * * LOW HITPOINT WARNING * * *
The black bear claws you but does no damage.
The black bear claws you.
* * * LOW HITPOINT WARNING * * *
The black bear attacks as you move away!
The black bear bites you but does no damage.
The black bear closely misses you.
The black bear claws you but does no damage.
The scorpion attacks as you move away!
The scorpion stings you but does no damage.
The scorpion stings you.
* * * LOW HITPOINT WARNING * * *
You hear a shout!
The scorpion attacks as you move away! The scorpion barely misses you.
The black bear rages.
You hear an angry growl.
The scorpion attacks as you move away!
The scorpion stings you but does no damage.
You hear an angry growl.
The scorpion stings you.
* * * LOW HITPOINT WARNING * * *
The black bear attacks as you move away!
The black bear bites you!
You die...

#....## ##................
#.....###.................
##.....#..................
#...#..#...........#.....
###h##..##..............).
###...##..#................)
...#....###.................#..
..........#.#hs#...........##..
#######....##.@#...............
......#.#....................#.
8._.?...##..#....##... ......##
......#..#..###..# ......
#######.##...# ..# ....#...
...# ....... ....#... ...
....... ... ##.. ##..# .....
##. .... ...


You could see a black bear (berserk) and a scorpion.

Vanquished Creatures
  An ogre (D:4)
  2 orc priests (D:3)
  A hound (D:4)
  An iguana (D:5)
  An orc wizard (D:2)
  4 gnolls
  10 adders
  An ufetubus (D:5)
  A worm (D:2)
  2 dart slugs (D:2)
  6 orcs
  9 bats
  7 endoplasms
  2 giant cockroaches (D:1)
  8 goblins
  7 hobgoblins
  6 jackals
  3 quokkas
  9 ball pythons
  3 frilled lizards
  3 kobolds
  7 rats
94 creatures vanquished.

Notes
Turn   | Place    | Note
-------+----------+-------------------------------------------
     0 | D:1      | AdnanSaban the Gargoyle Fighter began the quest for the
                  | Orb.
     0 | D:1      | Reached XP level 1. HP: 14/14 MP: 1/1
    79 | D:1      | Reached XP level 2. HP: 14/19 MP: 2/2
   635 | D:2      | Reached XP level 3. HP: 24/24 MP: 3/3
   940 | D:2      | You fall into a shaft and drop 1 floor!
  1342 | D:3      | Reached XP level 4. HP: 6/29 MP: 4/4
  1351 | D:2      | HP: 1/29 [something (2)]
  1498 | D:3      | Reached XP level 5. HP: 33/33 MP: 5/5
  2046 | D:3      | Reached XP level 6. HP: 39/39 MP: 6/6
  2222 | D:4      | Found the +0 toga "Victory" {*Victory Clar}
  2228 | D:4      | Found a runed translucent gate.
  2228 | D:4      | Found a runed translucent gate.
  2228 | D:4      | Found a runed translucent gate.
  2228 | D:4      | Noticed blacky4's ghost (amateur DsIE)
  2372 | D:4      | Reached skill level 1 in Dodging
  2714 | D:4      | Found Ocsifel's Assorted Antiques.
  3160 | D:5      | Entered Level 5 of the Dungeon
  3299 | D:5      | Reached XP level 7. HP: 37/44 MP: 7/7
  3436 | D:5      | Found a radiant altar of Vehumet.
  3458 | D:5      | Slain by a black bear

Illustrated notes

Levels and vault maps discovered:
D:1:      amcnicky_arrival_underground_garden, layout_rooms, nrook_mini_vaults
D:2:      layout_loops_ring
D:3:      minmay_recursive_quarters, layout_rooms, minmay_snake_closets
D:4:      layout_loops_ring, gammafunk_ghost_split, serial_shops,
          nicolae_shop_crystal, corexii_hall_statues_deadend
D:5:      layout_cave_pools, vehumet_statue, lightli_corner_chamber

Skill      XL: |  1  2  3  4  5  6 |
---------------+-------------------+-----
Fighting       | 4 |  4.8
Maces & Flails | 3 4 |  4.8
Shields        | 4 |  4.4
Dodging        | 1 |  1.6
Armour         | 4 |  4.3
Stealth        | |  0.2

Action                     |  1- 3 |  4- 6 |  7- 9 || total
---------------------------+-------+-------+-------++-------
  Melee: Flail             |   111 |   247 |    10 ||   368
 Armour: Scale mail        |    74 |   158 |    17 ||   249
  Dodge: Dodged            |    65 |   144 |    10 ||   219
  Block: Buckler           |    38 |    58 |     2 ||    98

Table legend: (Time is in decaauts)
 A = Elapsed time spent in this place.
 B = Non-inter-level travel time spent in this place.
 C = Inter-level travel time spent in this place.
 D = Time resting spent in this place.
 E = Time spent auto-exploring this place.
 F = Levels seen in this place.
 G = Mean time per level.
                   A        B        C        D        E       F      G
               +--------+--------+--------+--------+--------+-----+--------+
         Total |   3555 |   3513 |     42 |    196 |   2517 |   5 |  711.0 |
       Dungeon |   3555 |   3513 |     42 |    196 |   2517 |   5 |  711.0 |
               +--------+--------+--------+--------+--------+-----+--------+

Top non-repeatable levels by time:
     D:4: 1054 daAuts
     D:2: 840 daAuts
     D:3: 814 daAuts
     D:1: 643 daAuts
     D:5: 202 daAuts
